 Dungeon Crawl Stone Soup version 0.25.1-2-g60ff931df9 (webtiles) character file.

Game seed: 6165101148253591773

226049 Froggeryz the Wrestler (level 19, -3/124 HPs)
             Began as a Gargoyle Monk on Sept 2, 2020.
             Was the Champion of Okawaru.
             Slain by a merfolk impaler
             ... wielding a +2 trident of freezing
              (5 damage)
             ... on level 4 of the Shoals on Sept 3, 2020.
             The game lasted 01:17:25 (41902 turns).

Froggeryz the Wrestler (Gargoyle Monk)             Turns: 41902, Time: 01:17:25

Health: -3/124     AC: 40    Str: 26    XL:     19   Next: 34%
Magic:  21/24      EV: 12    Int: 12    God:    Okawaru [******]
Gold:   2761       SH: 16    Dex: 14    Spells: 18/18 levels left

rFire    . . .     SeeInvis +     - Unarmed
rCold    . . .     Gourm    .   a - +1 kite shield {reflect}
rNeg     + . .     Faith    +   A - quicksilver dragon scales
rPois    ∞         Spirit   .   y - +0 helmet {SInv}
rElec    +         Reflect  +   X - +0 cloak {rCorr}
rCorr    +         Harm     .   d - +1 pair of gloves of Unus {Str+6}
MR       ++++.                  M - +1 pair of boots {run}
Stlth    ++........             n - amulet of faith
HPRegen  0.30/turn              G - ring of Creativity {Wiz Slay+6}
MPRegen  0.19/turn              P - ring "Fuho Vul" {MR++ AC+4 Stlth+}

@: finesse, flying, quick
A: big wings, negative energy resistance 1, electricity resistance, unbreathing,
petrification resistance, rot immunity, AC +14
}: 1/15 runes: gossamer
a: Stop Flying, Heroism, Finesse, Renounce Religion


You were on level 4 of the Shoals.
You worshipped Okawaru.
Okawaru was exalted by your worship.
You were not hungry.

You visited 6 branches of the dungeon, and saw 32 of its levels.
You also visited: Bailey and Gauntlet.

You collected 4401 gold pieces.
You spent 1640 gold pieces at shops.

Inventory:

Hand Weapons
 Z - the +10 lajatang of Fate {vorpal, *Noise rC+ rN+++ SInv}
   (You found it on level 6 of the Lair of Beasts)

   It inflicts extra damage upon your enemies.
   It protects you from cold.
   It renders you almost immune to negative energy.
   It lets you see invisible.
   It may make noises in combat.
Missiles
 f - 21 curare-tipped darts (quivered)
 D - 21 silver javelins
 K - 6 throwing nets
 Q - 15 javelins
Armour
 a - a +1 kite shield of reflection (worn)
 d - the +1 pair of gloves of Unus (worn) {Str+6}
   (Okawaru gifted it to you on level 15 of the Dungeon)

   It affects your strength (+6).
 m - the +8 plate armour "Nuxut" {rPois rC++ Regen+ Stlth+}
   (You found it on level 3 of the Spider Nest)

   It greatly protects you from cold.
   It protects you from poison.
   It increases your rate of regeneration.
   It makes you more stealthy.
 v - a +1 tower shield of cold resistance
 y - a +0 helmet of see invisible (worn)
 A - quicksilver dragon scales (worn)
 M - a +1 pair of boots of running (worn)
 X - a +0 cloak of preservation (worn)
Jewellery
 c - an uncursed ring of protection from fire
 n - an amulet of faith (around neck)
 G - the ring of Creativity (left hand) {Wiz Slay+6}
   (You bought it in a shop on level 2 of the Orcish Mines)

   [ring of wizardry]

   It improves your spell success rate.
   It affects your accuracy and damage with ranged weapons and melee attacks
   (+6).
 H - an uncursed ring of positive energy
 P - the ring "Fuho Vul" (right hand) {MR++ AC+4 Stlth+}
   (You took it off a minotaur in a Gauntlet)

   [ring of protection]

   It affects your AC (+4).
   It affects your resistance to hostile enchantments.
   It makes you more stealthy.
Wands
 i - a wand of disintegration (46)
 l - a wand of clouds (5)
 u - a wand of acid (20)
 L - a wand of paralysis (4)
 O - a wand of flame (28)
 U - a wand of iceblast (11)
Scrolls
 e - 2 scrolls of brand weapon
 j - 5 scrolls of enchant weapon
 k - 8 scrolls of magic mapping
 p - 4 scrolls of enchant armour
 s - 14 scrolls of remove curse
 w - 10 scrolls of blinking
 z - 11 scrolls of teleportation
 F - 4 scrolls of fear
 J - 7 scrolls of identify
 S - a scroll of silence
 V - 3 scrolls of fog
 Y - a scroll of holy word
Potions
 g - 5 potions of ambrosia
 h - 5 potions of heal wounds
 o - a potion of mutation
 q - 4 potions of haste
 r - 2 potions of resistance
 t - 11 potions of curing
 B - 4 potions of might
 I - 2 potions of cancellation
Miscellaneous
 T - a box of beasts
Comestibles
 b - 68 rations
 C - 6 chunks of flesh


   Skills:
 - Level 15.0 Fighting
 + Level 11.8 Armour
 - Level 2.4 Dodging
 - Level 2.1 Stealth
 + Level 16.3 Shields
 - Level 22.0 Unarmed Combat
 - Level 7.2 Invocations
 + Level 6.0 Evocations


You had 18 spell levels left.
You didn't know any spells.
Your spell library contained the following spells:

 Spells                   Type           Power        Failure   Level  Hunger
 Animate Skeleton         Necr           N/A          17%         1    ##.....
 Apportation              Tloc           #.....       17%         1    ##.....
 Beastly Appendage        Tmut           #.....       17%         1    ##.....
 Corona                   Hex            #......      17%         1    ##.....
 Sandblast                Erth           #.....       17%         1    ##.....
 Shock                    Conj/Air       #...         17%         1    ##.....
 Summon Small Mammal      Summ           #...         17%         1    ##.....
 Passwall                 Tmut/Erth      #.......     26%         2    ###....
 Slow                     Hex            #.......     26%         2    ###....
 Sticks to Snakes         Tmut           #.......     26%         2    ###....
 Swiftness                Chrm/Air       #.......     26%         2    ###....
 Ignite Poison            Fire/Tmut/Pois #.......     45%         3    ####...
 Inner Flame              Hex/Fire       #.......     45%         3    ####...
 Portal Projectile        Hex/Tloc       #.....       45%         3    ####...
 Recall                   Summ/Tloc      N/A          45%         3    ####...
 Spectral Weapon          Hex/Chrm       #.......     45%         3    ####...
 Static Discharge         Conj/Air       #.......     45%         3    ####...
 Stone Arrow              Conj/Erth      #.....       45%         3    ####...
 Airstrike                Air            #.........   85%         4    #####..
 Animate Dead             Necr           N/A          85%         4    #####..
 Cause Fear               Hex            #.........   85%         4    #####..
 Fulminant Prism          Conj/Hex       #.........   85%         4    #####..
 Iskenderun's Mystic Bla  Conj/Tloc      #.......     85%         4    #####..
 Leda's Liquefaction      Hex/Erth       #.........   85%         4    #####..
 Petrify                  Tmut/Erth      #.......     85%         4    #####..
 Alistair's Intoxication  Tmut/Pois      #.......     99%         5    ######.
 Borgnjor's Vile Clutch   Necr/Erth      #.........   99%         5    ######.
 Excruciating Wounds      Chrm/Necr      #.........   99%         5    ######.
 Irradiate                Conj/Tmut      #.........   99%         5    ######.
 Lee's Rapid Deconstruct  Erth           #.........   99%         5    ######.
 Lightning Bolt           Conj/Air       #.........   99%         5    ######.
 Silence                  Hex/Air        #.........   99%         5    ######.
 Summon Forest            Summ/Tloc      #.........   99%         5    ######.
 Yara's Violent Unravell  Hex/Tmut       #.........   99%         5    ######.
 Death Channel            Necr           #.........   100%        6    #######
 Eringya's Noxious Bog    Tmut/Pois      #.........   100%        6    #######
 Hydra Form               Tmut           #.........   100%        6    #######
 Simulacrum               Ice/Necr       #.........   100%        6    #######
 Dragon Form              Tmut           #.........   100%        7    #######
 Malign Gateway           Summ/Tloc      #.........   100%        7    #######
 Discord                  Hex            #.........   100%        8    #######
 Sublimation of Blood     Necr           Unusable     N/A         2    N/A

Dungeon Overview and Level Annotations

Branches:
Dungeon (15/15)            Temple (1/1) D:6            Lair (6/6) D:9
 Shoals (4/4) Lair:4       Spider (4/4) Lair:2        Slime (0/5) Lair:6
    Orc (2/2) D:12            Elf (0/3) Orc:2        Vaults (0/5) D:14
 Depths (0/5) D:15         Bailey (visited)         Gauntlet (visited)

Altars:
Ashenzari
Cheibriados
Dithmenos
Elyvilon
Fedhas
Gozag
Hepliaklqana
Kikubaaqudgha
Makhleb
Nemelex Xobeh
Okawaru
Qazlal
Ru
Sif Muna
Trog
Uskayaw
Vehumet
Wu Jian
Xom
Yredelemnul
Zin
The Shining One

Shops:
D:11 [   D:12 [}:   D:14 }(*[=   Orc:1 =   Orc:2 %[[=?   Shoals:2 [
Shoals:3 *

Annotations:
D:7 1 runed translucent door, Doot's ghost, novice DsNe


Innate Abilities, Weirdness & Mutations

You are resistant to torment.
Your stone body is resilient. (AC +14)
You are immune to poison.
Your large and strong wings let you fly indefinitely.
You resist negative energy. (rN+)
You are resistant to electric shocks. (rElec)
You can survive without breathing.
You are immune to petrification.
You are immune to rotting.


Message History

The snapping turtle is engulfed in noxious fumes.
The snapping turtle appears confused.
The snapping turtle bites you!
* * * LOW HITPOINT WARNING * * *
The merfolk impaler barely misses you.
You see here a manticore corpse.
You punch the snapping turtle!
The snapping turtle is lightly wounded.
You pummel the snapping turtle!!
The snapping turtle is severely wounded.
You block the merfolk impaler's attack. The merfolk barely misses you.
You punch the snapping turtle!
The snapping turtle is almost dead.
The snapping turtle is engulfed in noxious fumes.
The snapping turtle appears confused.
You closely miss the merfolk impaler. You miss the merfolk impaler.
The merfolk impaler hits you with a +2 trident of freezing!
* * * LOW HITPOINT WARNING * * *
The merfolk impaler freezes you.
You die...

..≈≈≈≈≈≈≈≈≈≈.........≈≈#
≈≈≈≈≈≈≈≈≈≈≈≈.........≈(#
≈≈≈≈≈≈≈≈≈≈≈≈≈......≈≈≈≈≈
≈≈≈≈≈≈≈≈≈≈≈≈≈..≈≈≈≈≈≈≈..
≈≈≈≈≈≈≈≈≈≈≈≈≈≈≈≈≈≈≈≈≈...
≈≈≈≈≈≈≈≈≈≈≈≈≈≈≈≈≈≈≈≈....
≈≈≈≈≈≈≈≈≈≈≈≈≈≈≈≈).......
≈≈≈≈≈≈≈≈≈≈(≈≈≈m)........
≈≈≈≈≈≈≈≈≈≈≈≈..§)@)......
≈≈≈≈≈≈≈≈≈(.≈..§m§.......
≈≈≈≈≈≈≈≈≈(.≈.#○t§..?....
≈≈≈≈≈≈≈≈≈≈≈≈.○§.§§......
≈≈≈≈≈≈≈≈≈≈≈≈..(≈)......#
≈ ≈≈≈≈≈≈≈≈≈≈.))........#
≈≈≈≈≈≈≈≈≈≈≈≈........+
≈≈≈≈≈≈≈≈≈≈≈........#
≈≈≈≈≈≈≈≈≈.........#


You could see a merfolk impaler, a snapping turtle (confused) and a merfolk.

Vanquished Creatures
  Nikola (Spider:1)
  Jorgrun (Orc:2)
  Rupert (Lair:4)
  Asterion (Spider:1)
  2 krakens (Shoals:2)
  The ghost of emsyzz the Sorcerer, an adept DEFE of Vehumet (Shoals:3)
  Kirke (D:12)
  Frances (Spider:1)
  The ghost of Tinen the Brawler, a journeyman TrMo of Wu Jian (Orc:1)
  Ilsuiw (Shoals:1)
  A frost giant (Shoals:3)
  3 orc warlords
  A fire giant (D:15)
  3 ghost moths
  9 emperor scorpions
  A stone giant (Orc:2)
  Nessos (Orc:2)
  5 entropy weavers
  A spark wasp (Spider:3)
  Snorg (D:14)
  A minotaur (Gauntlet)
  4 merfolk javelineers (Shoals:4)
  10 merfolk impalers
  Josephine (Lair:2)
  A yaktaur captain (D:9)
  4 vault guards (D:14)
  4 hydras
  5 merfolk avatars
  2 merfolk aquamancers
  A satyr (Shoals:2)
  10 two-headed ogres
  2 ogre magi
  2 death knights (D:15)
  3 centaur warriors
  An orc high priest (Orc:2)
  Sonja (D:11)
  2 skeletal warriors (D:15)
  3 unseen horrors
  11 sea snakes
  An obsidian statue (Shoals:3)
  10 harpies (Shoals:3)
  21 wolf spiders
  A wizard (D:14)
  2 phantasmal warriors (D:15)
  19 orb spiders
  5 orc knights
  22 fauns
  5 orc sorcerers
  4 elephants (Lair:6)
  2 deep elf magi
  12 cyclopes
  A moth of wrath (Gauntlet)
  8 ugly things
  12 merfolk sirens
  13 manticores
  A gargoyle (D:14)
  3 black mambas
  7 water nymphs
  A smoke demon (Gauntlet)
  23 spiny frogs
  A torpor snail (Spider:1)
  3 rime drakes
  11 demonic crawlers
  An efreet (D:15)
  8 komodo dragons
  A yaktaur (D:14)
  A tengu conjurer (D:14)
  A red devil (Gauntlet)
  33 merfolk
  A queen bee (Spider:4)
  8 trolls
  4 harpy zombies (Shoals:1)
  3 meliai (Spider:4)
  3 wind drakes
  23 jumping spiders
  13 hippogriffs
  2 raiju (Gauntlet)
  27 blink frogs
  4 tyrant leeches (Lair:6)
  10 hornets
  3 slime creatures (D:12)
  4 snapping turtles (Shoals:3)
  11 dream sheep
  A shadow (D:15)
  80 redbacks
  58 yaks
  3 hogs (D:12)
  6 wraiths
  A human (D:14)
  28 tarantellas
  A yak (shapeshifter) (D:13)
  4 basilisks
  5 water elementals
  A steam dragon (D:8)
  A hungry ghost (D:8)
  9 vampire mosquitoes
  A warg (D:15)
  A soldier ant (D:12)
  9 water moccasins
  7 porcupines
  3 black bears
  34 orc warriors
  2 sky beasts (D:11)
  2 ice beasts
  3 phantoms
  3 eyes of draining
  4 necrophages
  17 centaurs
  12 wolves
  19 ogres
  7 boggarts
  16 crocodiles
  2 big kobolds
  A hippogriff zombie (Shoals:1)
  29 bullfrogs
  A wyvern zombie (D:11)
  2 scorpions
  34 killer bees
  9 wights
  5 electric eels
  8 crimson imps
  4 centaur zombies
  A bullfrog zombie (D:11)
  4 jellies
  8 hounds
  3 bullfrog skeletons
  6 centaur skeletons
  25 orc priests
  A gnoll shaman (D:7)
  35 orc wizards
  Natasha (thrice) (D:4)
  2 iguanas
  2 lightning spires (Gauntlet)
  8 worker ants
  A hound zombie (D:2)
  A hound skeleton (D:5)
  3 worker ant zombies
  7 adders
  15 gnolls
  4 shadow imps
  An ooze (D:7)
  An adder skeleton (D:7)
  3 worms (D:2)
  A dart slug (D:3)
  3 leopard geckos
  84 orcs
  A bat zombie (Shoals:1)
  5 giant cockroaches
  8 goblins
  12 hobgoblins
  11 jackals
  4 quokkas
  3 ball pythons
  3 bats
  7 frilled lizards
  A jackal zombie (D:8)
  19 kobolds
  A quokka zombie (D:8)
  5 rats
  5 tentacles (Shoals:2)
1194 creatures vanquished.

Vanquished Creatures (others)
  2 wind drakes (Shoals:4)
  A redback (Spider:4)
  A killer bee (Spider:4)
  An orc priest (Orc:2)
  An orc wizard (Orc:2)
  An orc (D:8)
  A quokka (D:8)
  A bush (Lair:5)
  A demonic plant (Gauntlet)
  17 fungi
  53 plants
  10 tentacles (Shoals:2)
90 creatures vanquished.

Grand Total: 1284 creatures vanquished

Notes
Turn   | Place    | Note
-------+----------+-------------------------------------------
     0 | D:1      | Froggeryz the Gargoyle Monk began the quest for the Orb.
     0 | D:1      | Reached XP level 1. HP: 14/14 MP: 1/1
   264 | D:1      | Reached XP level 2. HP: 11/19 MP: 2/2
   953 | D:2      | Found a basalt altar of Yredelemnul.
   956 | D:2      | You fall into a shaft and drop 1 floor!
  1080 | D:3      | Reached skill level 4 in Unarmed Combat
  1086 | D:3      | Reached XP level 3. HP: 23/23 MP: 3/3
  1261 | D:3      | Reached XP level 4. HP: 28/28 MP: 4/4
  1599 | D:3      | Reached skill level 5 in Unarmed Combat
  2057 | D:2      | Found a blossoming altar of Fedhas.
  2146 | D:2      | Reached XP level 5. HP: 17/32 MP: 5/5
  3069 | D:4      | Found a snail-covered altar of Cheibriados.
  3083 | D:4      | Noticed Natasha
  3093 | D:4      | Killed Natasha
  3093 | D:4      | Reached skill level 6 in Unarmed Combat
  3136 | D:4      | Noticed an ogre
  3136 | D:4      | Noticed Natasha
  3152 | D:4      | Killed an ogre
  3152 | D:4      | Reached skill level 1 in Armour
  3152 | D:4      | Reached XP level 6. HP: 18/37 MP: 6/6
  3180 | D:4      | Killed Natasha
  3351 | D:4      | Noticed a black bear
  3367 | D:4      | Killed a black bear
  3632 | D:4      | Noticed Natasha
  3645 | D:4      | Killed Natasha
  3645 | D:4      | Reached skill level 7 in Unarmed Combat
  3811 | D:4      | Reached XP level 7. HP: 34/41 MP: 7/7
  4171 | D:4      | Got a glimmering hunting sling
  4172 | D:4      | Identified the cursed +0 hunting sling "Utogunism" {vorpal,
                  | rF+ rN+ Dex+4} (You found it on level 4 of the Dungeon)
  4793 | D:5      | Entered Level 5 of the Dungeon
  5273 | D:5      | Reached skill level 8 in Unarmed Combat
  5386 | D:5      | Found a shattered altar of Ashenzari.
  5387 | D:5      | Found a stormy altar of Qazlal.
  5460 | D:5      | Reached XP level 8. HP: 35/46 MP: 8/8
  5636 | D:5      | Reached skill level 9 in Unarmed Combat
  6065 | D:6      | Found a staircase to the Ecumenical Temple.
  6107 | Temple   | Entered the Ecumenical Temple
  6307 | Temple   | Became a worshipper of Warmaster Okawaru
  6307 | Temple   | Reached * piety under Okawaru
  6307 | Temple   | Reached ** piety under Okawaru
  6804 | D:7      | Reached skill level 10 in Unarmed Combat
  6986 | D:7      | Reached skill level 5 in Fighting
  7139 | D:7      | Reached XP level 9. HP: 54/54 MP: 9/9
  7215 | D:7      | Found a runed translucent door.
  7307 | D:7      | Found a shimmering altar of Xom.
  7307 | D:7      | Noticed Doot's ghost (novice DsNe)
  7307 | D:7      | Noticed a +1 rapier of chaos
  7332 | D:7      | Found an opulent altar of Gozag.
  7659 | D:8      | Found a flagged portal.
  7679 | Bailey   | Entered a bailey
  7684 | Bailey   | Noticed an orc warlord
  7821 | Bailey   | Reached *** piety under Okawaru
  8192 | Bailey   | Found a runed translucent gate.
  8194 | Bailey   | Found a runed translucent gate.
  8196 | Bailey   | Found a runed translucent gate.
  8255 | Bailey   | Killed an orc warlord
  8255 | Bailey   | Received a gift from Okawaru
  8255 | Bailey   | Reached **** piety under Okawaru
  8255 | Bailey   | Reached skill level 12 in Unarmed Combat
  8255 | Bailey   | Reached XP level 10. HP: 17/63 MP: 10/10
  8500 | Bailey   | Got an ichor-stained hand crossbow
  8511 | Bailey   | Identified the +1 hand crossbow "Izaosu Wounk" {flame,
                  | Fragile +Inv +Fly rF+} (You found it in a bailey)
  8569 | D:8      | Found a bloodstained altar of Trog.
  8884 | D:8      | Noticed a two-headed ogre
  8891 | D:8      | Killed a two-headed ogre
  8959 | D:8      | Reached ***** piety under Okawaru
  9479 | D:8      | Found a white marble altar of Elyvilon.
  9580 | D:9      | Received a gift from Okawaru
  9865 | D:9      | Reached skill level 13 in Unarmed Combat
  9923 | D:9      | Found a hazy altar of Hepliaklqana.
  9962 | D:9      | Noticed a two-headed ogre
  9971 | D:9      | Killed a two-headed ogre
  9971 | D:9      | Reached skill level 5 in Armour
 10229 | D:9      | Found a staircase to the Lair.
 10299 | D:9      | Found a runed translucent door.
 10605 | D:9      | Reached XP level 11. HP: 63/69 MP: 11/11
 10934 | D:9      | Reached skill level 1 in Shields
 11004 | D:9      | Noticed a deep elf mage
 11017 | D:9      | Killed a deep elf mage
 11141 | D:9      | Noticed an ogre mage
 11141 | D:9      | Noticed a yaktaur captain
 11147 | D:9      | Killed an ogre mage
 11147 | D:9      | Received a gift from Okawaru
 11150 | D:9      | Killed an unseen horror
 11161 | D:9      | Killed a yaktaur captain
 11170 | D:9      | Got a brightly glowing quick blade {god gift}
 11394 | D:9      | Identified the Papyrus of Darkness
 11444 | Lair:1   | Entered Level 1 of the Lair of Beasts
 11534 | D:9      | Reached skill level 14 in Unarmed Combat
 11770 | Lair:1   | Received a gift from Okawaru
 11976 | Lair:1   | Reached skill level 10 in Fighting
 12657 | Lair:2   | Reached skill level 5 in Shields
 12719 | Lair:1   | Reached skill level 1 in Invocations
 12802 | Lair:1   | Reached ****** piety under Okawaru
 12802 | Lair:1   | Reached XP level 12. HP: 70/77 MP: 11/13
 12832 | Lair:2   | Received a gift from Okawaru
 13174 | Lair:2   | Found a hole to the Spider Nest.
 13210 | Lair:2   | Reached skill level 15 in Unarmed Combat
 13939 | Lair:3   | Found a blossoming altar of Fedhas.
 13983 | Lair:3   | Found a gate leading to a gauntlet.
 14007 | Gauntlet | Entered a Gauntlet
 14007 | Gauntlet | Found a transporter.
 14007 | Gauntlet | Found a transporter.
 14015 | Gauntlet | Noticed a tengu warrior
 14016 | Gauntlet | Found a transporter.
 14020 | Gauntlet | Found a transporter.
 14032 | Gauntlet | Found a transporter.
 14033 | Gauntlet | Found a transporter.
 14041 | Gauntlet | Noticed a great orb of eyes
 14045 | Gauntlet | Found a transporter.
 14056 | Gauntlet | Found a transporter.
 14071 | Gauntlet | Found a transporter.
 14074 | Gauntlet | Found a transporter.
 14082 | Gauntlet | Found a transporter.
 14086 | Gauntlet | Found a transporter.
 14087 | Gauntlet | Found a runed translucent door.
 14503 | Gauntlet | Identified the ring "Fuho Vul" {MR++ AC+4 Stlth+}
 14503 | Gauntlet | Noticed a minotaur
 14528 | Gauntlet | Killed a minotaur
 14539 | Gauntlet | Identified the Volume of the Traveller
 14542 | Gauntlet | Identified the Grimoire of Beguiling
 14545 | Gauntlet | Identified Qucwacob's Volume of Transmutation
 14559 | Gauntlet | Identified the +10 quick blade "Qotagy" {flame, +Blink
                  | Str-3 Int+3} (Okawaru gifted it to you on level 9 of the
                  | Dungeon)
 14561 | Gauntlet | Got a transparent robe
 14958 | Lair:3   | Received a gift from Okawaru
 15272 | Lair:3   | Reached skill level 5 in Invocations
 15538 | Lair:4   | Noticed Rupert
 15554 | Lair:4   | Killed Rupert
 15617 | Lair:4   | Reached skill level 16 in Unarmed Combat
 15630 | Lair:4   | Reached XP level 13. HP: 70/82 MP: 17/17
 15719 | Lair:4   | Found a staircase to the Shoals.
 15754 | Lair:4   | Received a gift from Okawaru
 17626 | Lair:6   | Entered Level 6 of the Lair of Beasts
 17643 | Lair:5   | Received a gift from Okawaru
 18175 | Lair:6   | Received a gift from Okawaru
 18176 | Lair:6   | Found the +8 storm bow {elec, penet}
 18250 | Lair:6   | Reached skill level 17 in Unarmed Combat
 18652 | Lair:5   | Received a gift from Okawaru
 18967 | Lair:5   | Gained mutation: Your large and strong wings let you fly
                  | indefinitely. [Gargoyle growth]
 18967 | Lair:5   | Reached XP level 14. HP: 84/88 MP: 19/19
 19112 | Lair:6   | Reached skill level 10 in Shields
 19743 | Lair:6   | Got a brightly glowing lajatang
 19744 | Lair:6   | Identified the +10 lajatang of Fate {vorpal, *Noise rC+
                  | rN+++ SInv} (You found it on level 6 of the Lair of Beasts)
 20104 | Lair:6   | Found a staircase to the Slime Pits.
 20429 | D:10     | Entered Level 10 of the Dungeon
 20506 | D:10     | Received a gift from Okawaru
 20575 | D:10     | Identified 2 scrolls of acquirement
 20575 | D:10     | Acquired a +2 crystal plate armour
 20578 | D:10     | Acquired 270 gold pieces
 20606 | D:10     | Found a glowing golden altar of the Shining One.
 21646 | D:11     | Reached skill level 18 in Unarmed Combat
 21736 | D:11     | Found Cheibriados's Comfort Zone.
 21739 | D:11     | Found a snail-covered altar of Cheibriados.
 21823 | D:11     | Noticed Sonja
 21836 | D:11     | Killed Sonja
 22359 | D:12     | Found Yqarein's Gadget Boutique.
 22437 | D:12     | Received a gift from Okawaru
 22449 | D:12     | Got a faintly humming scale mail {god gift}
 22456 | D:12     | Identified the +4 scale mail of Hipae {rPois Regen+ Int-4
                  | Stlth+} (Okawaru gifted it to you on level 12 of the
                  | Dungeon)
 22659 | D:12     | Found Iptughic's Antique Armour Shop.
 22712 | D:12     | Noticed Kirke
 22712 | D:12     | Found a glowing golden altar of the Shining One.
 22729 | D:12     | Noticed a sphinx
 22733 | D:12     | Noticed a sphinx
 22761 | D:12     | Killed Kirke
 23018 | D:12     | Found a staircase to the Orcish Mines.
 23198 | D:12     | Found Fophidua's Book Boutique.
 23986 | D:13     | Reached XP level 15. HP: 88/92 MP: 16/20
 24715 | D:14     | Found Biuptait's Antique Weapon Shoppe.
 24739 | D:14     | Found Couzxiny's General Store.
 24889 | D:14     | Received a gift from Okawaru
 24921 | D:14     | Bought a potion of curing for 48 gold pieces
 24921 | D:14     | Bought a scroll of fear for 56 gold pieces
 25009 | D:14     | Noticed Snorg
 25034 | D:14     | Killed Snorg
 25338 | D:14     | Found a gate to the Vaults.
 25358 | D:14     | Reached skill level 19 in Unarmed Combat
 25395 | D:14     | Found Metz's Gadget Shoppe.
 25429 | D:14     | Found Ciohorgh's Antique Armour Shoppe.
 25435 | D:14     | Found Fides's Jewellery Shoppe.
 25503 | D:14     | Reached skill level 10 in Armour
 25893 | D:15     | Entered Level 15 of the Dungeon
 26331 | D:15     | Received a gift from Okawaru
 26346 | D:15     | Got a pair of smoking gloves {god gift}
 26347 | D:15     | Identified the +1 pair of gloves of Unus {Str+6} (Okawaru
                  | gifted it to you on level 15 of the Dungeon)
 26888 | D:15     | Found a staircase to the Depths.
 26888 | D:15     | Noticed a fire giant
 26901 | D:15     | Killed a fire giant
 27831 | Orc:1    | Entered Level 1 of the Orcish Mines
 28001 | Orc:1    | Found Tifeent's Jewellery Emporium.
 28105 | Orc:1    | Reached XP level 16. HP: 100/100 MP: 21/21
 28484 | D:12     | Received a gift from Okawaru
 29053 | Orc:1    | Identified the +6 great sword "Fuuzon" {speed, rPois} (You
                  | found it on level 1 of the Orcish Mines)
 29098 | Orc:2    | Entered Level 2 of the Orcish Mines
 29105 | Orc:2    | Noticed Jorgrun
 29224 | Orc:2    | Killed Jorgrun
 29590 | Orc:1    | Found a runed translucent gate.
 29590 | Orc:1    | Found a runed translucent gate.
 29590 | Orc:1    | Found a runed translucent gate.
 29619 | Orc:1    | Noticed Tinen's ghost (journeyman TrMo)
 29671 | Orc:1    | Killed Tinen's ghost
 29671 | Orc:1    | Reached skill level 20 in Unarmed Combat
 30367 | Orc:2    | Noticed Nessos
 30746 | Orc:2    | Killed Nessos
 30989 | Orc:2    | Received a gift from Okawaru
 30993 | Orc:2    | Found a staircase to the Elven Halls.
 31112 | Orc:2    | Found Zuanouh's Armour Emporium.
 31112 | Orc:2    | Found Mimyvygh's Magic Scroll Shoppe.
 31164 | Orc:2    | Found Nikotrelu's Jewellery Shoppe.
 31167 | Orc:2    | Found Rorch's Armour Emporium.
 31176 | Orc:2    | Bought the ring of Creativity {Wiz Slay+6} for 622 gold
                  | pieces
 31179 | Orc:2    | Bought a scroll of teleportation for 48 gold pieces
 31179 | Orc:2    | Bought a scroll of blinking for 120 gold pieces
 31179 | Orc:2    | Bought a scroll of silence for 120 gold pieces
 31179 | Orc:2    | Bought a scroll of enchant armour for 120 gold pieces
 31179 | Orc:2    | Bought a scroll of magic mapping for 56 gold pieces
 31261 | Orc:2    | Found Tenkeyt's Food Emporium.
 31576 | Spider:1 | Entered Level 1 of the Spider Nest
 31605 | Spider:1 | Noticed Frances
 31607 | Spider:1 | Noticed Josephine
 31688 | Lair:2   | Killed Josephine
 31688 | Lair:2   | Received a gift from Okawaru
 31772 | Lair:2   | Identified the +1 scale mail "Koawuos" {Int+4} (Okawaru
                  | gifted it to you on level 2 of the Lair of Beasts)
 32130 | Spider:1 | Killed Frances
 32501 | Spider:1 | Identified the +7 plate armour of the Fisher {rC- Str+7
                  | Dex+3} (You found it on level 1 of the Spider Nest)
 32564 | Spider:1 | Noticed Asterion
 32579 | Spider:1 | Killed Asterion
 32775 | Spider:1 | Noticed Nikola
 32801 | Spider:1 | Killed Nikola
 32872 | Spider:2 | Received a gift from Okawaru
 33065 | Spider:2 | Reached XP level 17. HP: 108/108 MP: 22/22
 33739 | Spider:3 | Received a gift from Okawaru
 33802 | Spider:3 | Reached skill level 21 in Unarmed Combat
 34049 | Spider:3 | Identified the +8 plate armour "Nuxut" {rPois rC++ Regen+
                  | Stlth+} (You found it on level 3 of the Spider Nest)
 34599 | Spider:4 | Entered Level 4 of the Spider Nest
 34618 | Spider:4 | Received a gift from Okawaru
 35440 | Spider:4 | Received a gift from Okawaru
 35442 | Spider:4 | Reached skill level 15 in Shields
 35906 | Spider:4 | Received a gift from Okawaru
 36241 | Spider:4 | Reached XP level 18. HP: 83/115 MP: 0/23
 36266 | Spider:4 | Got a gossamer rune of Zot
 36801 | Shoals:1 | Entered Level 1 of the Shoals
 37092 | Shoals:1 | Received a gift from Okawaru
 37267 | Shoals:1 | Reached skill level 1 in Evocations
 38469 | Shoals:2 | Noticed Ilsuiw
 38613 | Shoals:1 | Killed Ilsuiw
 38613 | Shoals:1 | Reached skill level 15 in Fighting
 38626 | Shoals:2 | Reached skill level 22 in Unarmed Combat
 38732 | Shoals:2 | Found Ehire's Antique Armour Boutique.
 38853 | Shoals:2 | Received a gift from Okawaru
 38866 | Shoals:2 | Identified a +1 pair of boots of running (Okawaru gifted it
                  | to you on level 2 of the Shoals)
 39811 | Shoals:3 | Found a runed translucent gate.
 39811 | Shoals:3 | Found a runed translucent gate.
 39811 | Shoals:3 | Found a runed translucent gate.
 39813 | Shoals:3 | Found an opulent altar of Gozag.
 40109 | Shoals:3 | Noticed emsyzz's ghost (adept DEFE)
 40110 | Shoals:3 | Found Lefidor's Assorted Antiques.
 40585 | Shoals:3 | Reached XP level 19. HP: 118/124 MP: 24/24
 40981 | Shoals:3 | Received a gift from Okawaru
 40984 | Shoals:3 | Got a warped chain mail {god gift}
 40986 | Shoals:3 | Identified the +0 chain mail of the Kangaroo {*Contam rElec
                  | Int+3} (Okawaru gifted it to you on level 3 of the Shoals)
 41215 | Shoals:3 | Reached skill level 5 in Evocations
 41231 | Shoals:3 | Killed emsyzz's ghost
 41261 | Shoals:3 | Bought a potion of heal wounds for 180 gold pieces
 41261 | Shoals:3 | Bought a shiny kite shield for 270 gold pieces
 41323 | Shoals:4 | Entered Level 4 of the Shoals
 41902 | Shoals:4 | HP: 2/124 [merfolk impaler/+2 trident of freezing (14)]
 41902 | Shoals:4 | Slain by a merfolk impaler

Illustrated notes

Levels and vault maps discovered:
D:1:      ncdulo_watergridlock, layout_basic
D:2:      layout_loops_ring, overflow_temple_1_default, lemuel_doored_altar
D:3:      layout_basic, first_ration
D:4:      layout_loops_ring, cheibriados_altar_1, uniq_natasha
D:5:      layout_rooms, gammafunk_temple_overflow_statue
D:6:      layout_basic, minmay_temple_entry_sparse_star,
          kennysheep_generic_room_2
D:7:      layout_loops_cross, nicolae_overflow_hidden_temple, ebering_ghost_xom,
          grunt_ogre_cave
D:8:      layout_cave_pods, overflow_temple_1_default, elyvilon_altar_4,
          lightli_bailey_entry_fortress, minmay_quadrilaterals
D:9:      layout_stronghold, old_standard_altar, lair_entry_dummy, minivault_13
D:10:     layout_basic, basic_altar, minmay_fractal_squares_gapless_5
D:11:     layout_basic, minmay_shop_chei, minivault_5, uniq_sonja
D:12:     layout_roguey, orc_0_dummy, serial_shops, shop,
          nicolae_shop_waterfront, shop_fountains, lemuel_tele_altar, uniq_kirke
D:13:     layout_irregular_city
D:14:     layout_rooms, grunt_vaults_entry_fortified, serial_corexii_hall,
          chequers_hall_statues_corner_a, corexii_hall_statues_u, serial_shops,
          kennysheep_mini_moat, nicolae_shop_crystal, nicolae_shop_stone,
          nicolae_shop_overgrown_old_shop, shop, grunt_decor_cap, uniq_snorg
D:15:     grunt_enter_depths_giant_problem, layout_long_grid,
          minmay_stone_trees_large
Temple:   nicolae_temple_figure_eight
Lair:1:   layout_misc_corridors, grunt_megastairs_5
Lair:2:   layout_loops_ring, spider_nest_entry_funnel_web, grunt_megastairs_1
Lair:3:   layout_chaotic_city, basic_altar, gauntlet_entry_generic,
          hibernation_bobbens, serial_bayou_shore_b
Lair:4:   layout_long_grid, minmay_shoals_entry_beasts,
          infiniplex_staircase_pool, serial_bayou_shore_b, uniq_rupert
Lair:5:   layout_roguey
Lair:6:   minmay_lair_end_frog_pond, layout_regular_city,
          dpeg_slime_entry_corner, lemuel_fruit_tree
Shoals:1: layout_shoals, nicolae_shoals_square_sea_wall,
          nicolae_shoals_undead_eyrie
Shoals:2: layout_shoals, serial_shops, shop, uniq_ilsuiw
Shoals:3: layout_shoals, ebering_ghost_gozag, nicolae_shoals_circle_sea_wall,
          st_cyclops
Shoals:4: shoals_end_simple, layout_shoals, uniq_polyphemus
Spider:1: layout_spider_delve, drop_trap, uniq_josephine, uniq_asterion,
          uniq_nikola, uniq_frances
Spider:2: layout_spider_delve
Spider:3: layout_spider_delve
Spider:4: grunt_spider_rune_circles, special_room [special_room_bee]
Orc:1:    layout_caves, serial_shops, shop, gammafunk_ghost_split,
          minmay_orc_treasury
Orc:2:    st_orc_mages, layout_diamond_mine, serial_shops, shop, uniq_nessos,
          uniq_jorgrun

Skill      XL: |  1  2  3  4  5  6  7  8  9 10 11 12 13 14 15 16 17 18 19 |
---------------+----------------------------------------------------------+-----
Unarmed Combat | 4 5 6 7 8 10 12 13 14 16 17 18 19 20 21 22 | 22.0
Armour         | 1 2 3 5 6 9 10 11 | 11.8
Fighting       | 5 7 8 10 11 12 13 15 | 15.0
Shields        | 5 7 9 11 12 13 15 16 | 16.3
Invocations    | 1 5 7 |  7.2
Evocations     | 4 6 |  6.0
Dodging        | |  2.4
Stealth        | |  2.1

Action                   |  1- 3 |  4- 6 |  7- 9 | 10-12 | 13-15 | 16-18 | 19-21 || total
-------------------------+-------+-------+-------+-------+-------+-------+-------++-------
Melee: Unarmed           |   114 |   151 |   438 |   719 |  1762 |  1853 |   160 ||  5197
       Punch             |       |     4 |    21 |    41 |    88 |       |       ||   154
 Fire: Hunting sling     |       |       |    25 |     2 |       |       |       ||    27
Throw: Dart              |       |    30 |     1 |       |     2 |     2 |       ||    35
Invok: Heroism           |       |       |     1 |     3 |     1 |       |       ||     5
       Finesse           |       |       |       |     3 |       |     5 |     1 ||     9
 Abil: Fly               |       |       |       |       |     1 |       |       ||     1
Evoke: Wand              |       |       |     4 |     3 |     2 |     5 |     9 ||    23
  Use: Scroll            |     2 |       |    10 |     6 |     9 |    18 |     2 ||    47
       Potion            |     1 |     1 |       |     1 |     3 |     1 |     1 ||     8
 Stab: Sleeping          |     3 |       |       |     4 |    10 |     5 |     2 ||    24
       Paralysed         |       |       |       |     3 |       |       |       ||     3
       Confused          |       |       |       |     4 |       |       |       ||     4
       Distracted        |       |       |       |       |     2 |     2 |       ||     4
       Held in net/web   |       |       |       |       |       |     4 |       ||     4
  Eat: Chunk             |     1 |     8 |    14 |    23 |    38 |    37 |     4 ||   125
       Ration            |       |       |       |     1 |     1 |     1 |       ||     3
Armor: Robe              |    25 |       |       |       |       |       |       ||    25
       Scale mail        |    12 |    54 |    86 |       |       |       |       ||   152
       Skin              |     4 |       |       |       |       |       |       ||     4
       Quicksilver drago |       |       |   103 |   323 |   928 |   968 |    89 ||  2411
Dodge: Dodged            |    64 |    90 |   265 |   310 |   799 |   676 |    60 ||  2264
Block: Buckler           |       |       |       |       |   267 |   268 |       ||   535
       Kite shield       |       |       |       |       |       |   844 |   125 ||   969
       Reflection        |       |       |       |       |       |       |     7 ||     7
